 Dungeon Crawl Stone Soup version 0.29.1-2-gbd0b4ee654 (webtiles) character file.

Game seed: 3618631815397549552

209371 warriortoast the Devastator (level 18, -1/123 HPs)
             Began as a Gargoyle Earth Elementalist on Nov 2, 2022.
             Was an Elder of Ashenzari.
             Shot with a bolt by a yaktaur (5 damage)
             ... led by a yaktaur captain
             ... while paralysed by a sphinx
             ... on level 1 of the Vaults on Nov 3, 2022.
             The game lasted 03:34:01 (42932 turns).

warriortoast the Devastator (GrEE)                 Turns: 42932, Time: 03:34:01

Health: -1/123     AC: 34    Str: 19    XL:     18   Next: 82%
Magic:  46/46      EV:  2    Int: 20    God:    Ashenzari [****..]
Gold:   2758       SH:  0    Dex: 10    Spells: 11/47 levels left

rFire   + + .      SeeInvis +   h - staff of earth
rCold   + . .      Faith    .   (no shield)
rNeg    + + .      Spirit   .   a - +2 ring mail of the Visionary Jealousy {rF+ rN+, Fort, Cun} (curse)
rPois   ∞          Reflect  .   U - +2 helmet of the Clairvoyant Shame {Int+3, Evo, Elem} (curse)
rElec   +          Harm     .   W - scarf {rC+ rF+}
rCorr   .          Rampage  .   P - +2 pair of gloves of Ashenzari's Failure {Evo, Cun} (curse)
Will    +....      Clarity  +   O - +2 pair of boots "Lashed Soothsayer" {Cun, Evo} (curse)
Stlth   ++++......              Q - amulet of the Prescient Vision {RegenMP, Fort, Melee} (curse)
HPRegen 0.30/turn               r - ring "Restrained Together" {Wiz, Comp, Self} (curse)
MPRegen 0.70/turn               V - ring "Stickiness of Ashenzari" {MP+9, Self, Elem} (curse)

@: paralysed, flying, slowed
A: sickness immunity, AC +13, big wings, negative energy resistance 1,
electricity resistance, torment resistance 1, petrification resistance
}: 1/15 runes: barnacled
a: Renounce Religion, Curse Item, Shatter the Chains


You were on level 1 of the Vaults.
You worshipped Ashenzari.
Ashenzari was greatly pleased with you.
You visited 7 branches of the dungeon, and saw 29 of its levels.
You also visited: Ossuary, Bailey and Volcano.

You collected 2993 gold pieces.
You spent 235 gold pieces at shops.

Inventory:

Hand Weapons
 H - a +1 demon whip of draining
Armour
 a - the cursed +2 ring mail of the Visionary Jealousy (worn) {rF+ rN+, Fort, Cun}
   (You found it on level 1 of the Lair of Beasts)

   rF:        It protects you from fire.
   rN:        It protects you from negative energy.
   It has a curse which improves the following skills: Fortitude: Armour and
   Shields.
   Cunning:   Dodging and Stealth.
 c - a +2 buckler
 O - the cursed +2 pair of boots "Lashed Soothsayer" (worn) {Cun, Evo}
   (You found it on level 5 of the Dungeon)

   It has a curse which improves the following skills: Cunning: Dodging and
   Stealth.
   Evocations: Evocations.
 P - the cursed +2 pair of gloves of Ashenzari's Failure (worn) {Evo, Cun}
   (You found it on level 5 of the Dungeon)

   It has a curse which improves the following skills: Evocations: Evocations.
   Cunning:   Dodging and Stealth.
 U - the cursed +2 helmet of the Clairvoyant Shame (worn) {Int+3, Evo, Elem}
   (You found it on level 3 of the Lair of Beasts)

   It has a curse which improves the following skills: Evocations: Evocations.
   Elements:  Fire Magic, Ice Magic, Air Magic and Earth Magic.
 W - a scarf of resistance (worn)
Magical Staves
 h - a staff of earth (weapon)
Jewellery
 b - a ring of magical power
 r - the cursed ring "Restrained Together" (left hand) {Wiz, Comp, Self}
   (You found it on level 3 of the Dungeon)

   [ring of wizardry]

   It improves your spell success rate.
   It has a curse which improves the following skills: Companions: Summonings
   and Necromancy.
   Introspection: Fighting and Spellcasting.
 L - a +6 ring of intelligence
 Q - the cursed amulet of the Prescient Vision (around neck) {RegenMP, Fort, Melee}
   (You found it on level 7 of the Dungeon)

   [amulet of magic regeneration]

   It increases your rate of magic regeneration.
   It has a curse which improves the following skills: Fortitude: Armour and
   Shields.
   Melee Combat: Short Blades, Long Blades, Axes, Maces & Flails, Polearms,
   Staves and Unarmed Combat.
 V - the cursed ring "Stickiness of Ashenzari" (right hand) {MP+9, Self, Elem}
   (You found it on level 9 of the Dungeon)

   [ring of magical power]

   MP:        It affects your magic capacity (+9).
   It has a curse which improves the following skills: Introspection: Fighting
   and Spellcasting.
   Elements:  Fire Magic, Ice Magic, Air Magic and Earth Magic.
Wands
 t - a wand of mindburst (21)
 B - a wand of roots (14)
 E - a wand of light (8)
Scrolls
 j - 4 scrolls of enchant armour
 l - a scroll of blinking
 m - 3 scrolls of summoning
 q - 7 scrolls of amnesia
 x - 15 scrolls of teleportation
 y - 6 scrolls of magic mapping
 M - 8 scrolls of enchant weapon
 Y - 2 scrolls of fear
Potions
 e - a potion of invisibility
 f - a potion of brilliance
 g - 11 potions of heal wounds
 i - 7 potions of cancellation
 p - 7 potions of might
 u - 6 potions of haste
 w - 9 potions of berserk rage
 z - 12 potions of curing
 F - 5 potions of lignification
 G - 8 potions of ambrosia
 K - 2 potions of resistance
 S - a potion of magic
Miscellaneous
 A - a condenser vane
 T - a piece from Xom's chessboard (15/15)
 X - a phial of floods


   Skills:
 - Level 14.1(17.0) Fighting
 - Level 11.2(14.1) Armour
 - Level 8.1(12.0) Dodging
 - Level 8.4(12.3) Stealth
 - Level 12.1(15.0) Spellcasting
 + Level 16.5 Conjurations
 - Level 5.0 Hexes
 - Level 4.0 Transmutations
 - Level 5.0(7.8) Air Magic
 + Level 16.0(18.8) Earth Magic
 - Level 2.6(5.6) Evocations


You had 11 spell levels left.
You knew the following spells:

 Your Spells              Type           Power      Damage    Failure   Level
a - Sandblast             Erth           100%       2d20      0%          1
b - Passwall              Tmut/Erth      61%        N/A       1%          2
c - Stone Arrow           Conj/Erth      100%       3d13      0%          3
d - Searing Ray           Conj           100%       2d8       0%          2
e - Magic Dart            Conj           100%       1d8       0%          1
f - Fulminant Prism       Conj/Hex       27%        3d14      1%          4
g - Lehudib's Crystal Sp  Conj/Erth      45%        10d11     12%         8
h - Petrify               Tmut/Erth      74%        N/A       1%          4
i - Swiftness             Air            46%        N/A       1%          3
j - Mephitic Cloud        Conj/Pois/Air  47%        N/A       1%          3
k - Blade Hands           Tmut           15%        N/A       13%         5

Your spell library contained the following spells:

 Spells                   Type           Power      Damage    Failure   Level
 Shock                    Conj/Air       100%       1d9       1%          1
 Ensorcelled Hibernation  Hex/Ice        50%        N/A       1%          2
 Tukima's Dance           Hex            35%        N/A       1%          3
 Airstrike                Air            23%        2d(4-20)  1%          4
 Borgnjor's Vile Clutch   Necr/Erth      34%        N/A       1%          5
 Irradiate                Conj/Tmut      27%        3d20      1%          5
 Portal Projectile        Hex/Tloc       50%        N/A       2%          3
 Call Imp                 Summ           15%        N/A       3%          2
 Spider Form              Tmut/Pois      23%        N/A       3%          3
 Silence                  Hex/Air        20%        N/A       4%          5
 Corpse Rot               Necr/Pois/Air  25%        N/A       9%          4
 Yara's Violent Unravell  Hex/Tmut       16%        3d8       11%         5
 Summon Ice Beast         Ice/Summ       16%        N/A       21%         4
 Summon Mana Viper        Hex/Summ       25%        N/A       22%         5
 Olgreb's Toxic Radiance  Pois           15%        N/A       24%         4
 Passage of Golubria      Tloc           15%        N/A       24%         4
 Alistair's Intoxication  Tmut/Pois      15%        N/A       28%         5
 Eringya's Noxious Bog    Tmut/Pois      11%        N/A       82%         6
 Dragon Form              Tmut           15%        N/A       98%         7
 Monstrous Menagerie      Summ           7%         N/A       100%        7
 Ozocubu's Refrigeration  Ice            8%         4d9       100%        7
 Ignition                 Fire           8%         3d5       100%        8


Dungeon Overview and Level Annotations

Branches:
Dungeon (15/15)            Temple (1/1) D:4            Lair (5/5) D:10
 Shoals (4/4) Lair:2       Spider (1/4) Lair:3        Slime (0/5) Lair:5
    Orc (2/2) D:9             Elf (0/3) Orc:2        Vaults (1/5) D:14
 Depths (0/4) D:15        Ossuary (visited)          Bailey (visited)
Volcano (visited)

Altars:
Ashenzari
Cheibriados
Dithmenos
Elyvilon
Fedhas
Gozag
Hepliaklqana
Kikubaaqudgha
Makhleb
Nemelex Xobeh
Okawaru
Qazlal
Ru
Sif Muna
Trog
Uskayaw
Vehumet
Wu Jian
Xom
Yredelemnul
Zin
The Shining One
Jiyva

Shops:
D:7 !   Orc:1 :   Orc:2 (*=(   Shoals:1 :   Shoals:2 *   Shoals:3 :

Portals:
Hell: Lair:5
Trove: D:13 (give +5 ice dragon scales)

Annotations:
D:15 Bananafolds's ghost, adept NaVM; Faitwer's ghost, journeyman OpTm; Uhib's ghost, journeyman DsGl; Uwkoecio's ghost, journeyman HOFi; Voastrin's ghost, journeyman MiFi; Ytergh's ghost, journeyman MiFi; cdecastro's ghost, journeyman OgBe
Lair:5 1 runed translucent door
Shoals:1 3 runed translucent doors, Nerdsrcool's ghost, journeyman DrCj


Innate Abilities, Weirdness & Mutations

You are immune to sickness and miasma.
Your stone body is resilient. (AC +13)
You are immune to poison.
Your large and strong wings let you fly.
You resist negative energy. (rN+)
You are resistant to electric shocks. (rElec)
You are resistant to unholy torment.
You are immune to petrification.


Message History

The yaktaur shoots a bolt.
The bolt hits you!
* * * LOW HITPOINT WARNING * * *
The yaktaur shoots a bolt.
The bolt hits you but does no damage.
The sphinx mumbles some strange words.
You resist with significant effort.
The yaktaur shoots a bolt.
The bolt hits you but does no damage.
There is an open door here.
Casting: Fulminant Prism (safe; 1% risk of failure)
Confirm with . or Enter, or press ? or * to list all spells.
Aiming: Mephitic Cloud (safe; 1% risk of failure)
Press: ? - help, Shift-Dir - straight line, f - sphinx
Aim: a sphinx (chance to affect: 24%)
The ball explodes into a vile cloud!
The stinking cloud engulfs the sphinx but does no damage.
The sphinx is engulfed in noxious fumes.
The yaktaur shoots a bolt.
The bolt hits you!
* * * LOW HITPOINT WARNING * * *
The sphinx is engulfed in noxious fumes.
The sphinx appears confused.
An ironbound thunderhulk comes into view.
It is wielding a +0 dire flail.
Blink to where?
Press: ? - help, Dir - move target, p - sphinx
As you read the scroll of blinking, it crumbles to dust.
You see here a +0 chain mail.
Okay, then.
The yaktaur shoots a bolt.
The bolt closely misses you.
The yaktaur shoots a bolt.
The bolt hits you!
* * * LOW HITPOINT WARNING * * *
Electricity crackles from the ironbound thunderhulk's apparatus.
The bolt of lightning misses you.
The yaktaur shoots a bolt.
The bolt hits you but does no damage.
The sphinx mumbles some strange words.
You suddenly lose the ability to move!
Electricity crackles from the ironbound thunderhulk's apparatus.
The bolt of lightning hits you! You resist.
* * * LOW HITPOINT WARNING * * *
You hear the quiet whistling of a very distant wind.
The yaktaur shoots a bolt.
The bolt hits you but does no damage.
The yaktaur shoots a bolt.
The bolt hits you.
You die...

** * * * , * *,** * , *
,, , , * * , ,* *, , *
,,, ,* * , *,, > * * ,
,, , , * **
############# ,, **
#...........+ ,,,,, ,,
*** #.OH[..@....#,,,, ,,
* ,, * #..###.###..#* **
, * +..##.#.##..##### *
** , * *, ,
#..#.#.#.#..#...## ,
,#..c#.#.#...'....## , *
,, ,#..#.#.#.#..#.....##
* ,
#..##.#.##..##.....##
*** ,
,,#..###.###..###.....##
** * *#...........#
##.....##


You could see a sphinx, an ironbound thunderhulk and a yaktaur.

Vanquished Creatures
  Rupert (Lair:3)
  Ilsuiw (Shoals:4)
  An orc warlord (Orc:1)
  A fire giant (D:15)
  A frost giant (Shoals:4)
  2 dire elephants (Lair:4)
  Nessos (D:14)
  3 merfolk javelineers
  Josephine (Lair:3)
  The ghost of 0gre the Frost Mage, a journeyman GnIE of Vehumet (Lair:3)
  6 merfolk impalers
  A yaktaur captain (Vaults:1)
  8 hydras
  Fannar (Orc:1)
  2 ogre magi (Orc:2)
  An ironbound frostheart (Vaults:1)
  A catoblepas (Lair:2)
  3 centaur warriors
  A vault guard (D:14)
  3 merfolk avatars
  2 boulder beetles
  An alligator (Lair:4)
  Erica (D:8)
  12 two-headed ogres
  3 alligator snapping turtles
  5 merfolk aquamancers
  Urug (D:10)
  A satyr (Shoals:3)
  A sun demon (Volcano)
  Amaemon (Lair:3)
  A sixfirhy (Lair:5)
  A hell knight (Volcano)
  9 sea snakes
  2 fire crabs (Lair:3)
  2 deep trolls (Orc:1)
  A lindwurm (Lair:3)
  4 deep elf pyromancers
  2 wizards
  A necromancer (D:14)
  16 harpies
  An orc knight (Orc:2)
  14 manticores
  3 wolf spiders (Spider:1)
  7 cyclopes
  2 ugly things
  9 fauns
  A moth of wrath (Spider:1)
  The ghost of zeram the Cudgeller, a novice GrFi of Yredelemnul (D:7)
  7 black mambas
  6 water nymphs
  18 merfolk sirens
  An elephant (Lair:4)
  Joseph (D:8)
  3 orange demons
  A smoke demon (Lair:5)
  11 cane toads
  5 gargoyles
  Maggie (D:8)
  6 komodo dragons
  8 rime drakes
  A yaktaur (Vaults:1)
  A freezing wraith (D:14)
  An efreet (D:13)
  5 red devils
  An ice devil (Lair:5)
  A tengu conjurer (D:15)
  22 merfolk
  19 trolls
  6 meliai
  A queen bee (D:12)
  7 wind drakes
  4 hornets
  A polar bear (Lair:4)
  3 blink frogs (Lair:3)
  9 slime creatures
  A dream sheep (Lair:5)
  12 snapping turtles
  A culicivora (Spider:1)
  12 water elementals
  3 shadows
  23 yaks
  A centaur simulacrum (D:15)
  A vampire (Bailey)
  5 wyverns
  2 fire bats (Lair:3)
  5 wraiths
  19 humans (D:14)
  2 redbacks
  10 vampire mosquitoes
  4 basilisks
  2 swamp worms (D:10)
  5 wargs
  Menkaure (Ossuary)
  4 acid dragons
  9 water moccasins
  8 hell hounds
  3 ice beasts
  20 orc warriors
  2 sky beasts
  3 black bears
  6 wolves
  27 ogres
  13 centaurs
  A phantom (D:5)
  A kobold brigand (D:6)
  3 gnoll sergeants
  9 bullfrogs
  A necrophage (D:5)
  6 scorpions
  11 wights
  34 killer bees
  7 electric eels
  7 vampire bats (Bailey)
  10 wolf zombies (Bailey)
  A howler monkey (D:8)
  7 hounds
  3 centaur zombies (Ossuary)
  9 orc priests
  3 jellies
  2 gnoll boudas
  Jessica (D:2)
  2 iguanas
  19 orc wizards
  2 ogre zombies (Ossuary)
  7 mummies
  19 gnolls
  8 adders
  18 orc zombies (Bailey)
  2 shadow imps
  A white imp (D:7)
  An ufetubus (D:5)
  3 adder zombies (Ossuary)
  3 worms
  A dart slug (D:5)
  48 orcs
  12 ball pythons
  5 endoplasms
  5 giant cockroaches
  A gnoll zombie (Ossuary)
  10 goblins
  8 hobgoblins
  2 jackals (D:5)
  4 quokkas
  3 bats (D:1)
  4 frilled lizards
  2 goblin zombies (Ossuary)
  9 hobgoblin zombies (Ossuary)
  8 kobolds
  5 kobold zombies (Ossuary)
  A quokka zombie (Ossuary)
  3 rats
  4 rat zombies (Ossuary)
  3 fulminant prisms (Shoals:4)
  3 tentacles (Shoals:4)
841 creatures vanquished.

Vanquished Creatures (collateral kills)
  A merfolk aquamancer (Shoals:4)
  2 harpies (Shoals:4)
3 creatures vanquished.

Vanquished Creatures (others)
  A tengu conjurer (D:15)
  292 fulminant prisms
  32 fungi
  166 plants
  8 tentacles (Shoals:4)
499 creatures vanquished.

Grand Total: 1343 creatures vanquished

Notes
Turn   | Place    | Note
-------+----------+-------------------------------------------
     0 | D:1      | warriortoast the Gargoyle Earth Elementalist began the
                  | quest for the Orb.
     0 | D:1      | Reached XP level 1. HP: 10/10 MP: 3/3
   112 | D:1      | Found a faded altar of an unknown god.
   123 | D:1      | Reached skill level 1 in Transmutations
   160 | D:1      | Reached XP level 2. HP: 15/15 MP: 3/5
   581 | D:1      | Reached skill level 1 in Conjurations
  1147 | D:2      | Reached XP level 3. HP: 19/19 MP: 3/6
  1939 | D:2      | Noticed Jessica
  1941 | D:2      | Killed Jessica
  1942 | D:2      | Reached XP level 4. HP: 24/24 MP: 5/7
  2594 | D:3      | Learned a level 2 spell: Passwall
  2599 | D:3      | Learned a level 3 spell: Stone Arrow
  2724 | D:3      | Reached XP level 5. HP: 28/28 MP: 5/9
  3243 | D:4      | Reached skill level 5 in Earth Magic
  3329 | D:4      | Reached XP level 6. HP: 32/32 MP: 7/10
  3486 | D:4      | Found a staircase to the Ecumenical Temple.
  3506 | Temple   | Entered the Ecumenical Temple
  3506 | Temple   | Found a transporter.
  3506 | Temple   | Found a transporter.
  3508 | Temple   | Found a transporter.
  3508 | Temple   | Found a transporter.
  3537 | Temple   | Became a worshipper of Ashenzari the Shackled
  3870 | D:4      | Reached XP level 7. HP: 32/36 MP: 4/12
  4226 | D:5      | Entered Level 5 of the Dungeon
  4633 | D:5      | You fall into a shaft and drop 1 floor!
  4652 | D:6      | Found a sand-covered staircase.
  4660 | Ossuary  | Entered an ossuary
  4875 | Ossuary  | Reached XP level 8. HP: 40/41 MP: 10/15
  4928 | Ossuary  | Reached skill level 5 in Conjurations
  5022 | Ossuary  | Reached skill level 5 in Spellcasting
  5214 | Ossuary  | Noticed Menkaure
  5280 | Ossuary  | Killed Menkaure
  6389 | D:6      | Reached * piety under Ashenzari
  6402 | D:6      | Reached skill level 1 in Armour
  6402 | D:6      | Reached XP level 9. HP: 47/47 MP: 11/21
  6412 | D:6      | Reached skill level 1 in Fighting
  7627 | D:7      | Found a runed translucent door.
  7702 | D:7      | Learned a level 2 spell: Searing Ray
  7732 | D:7      | Noticed zeram's ghost (novice GrFi)
  7815 | D:7      | Found Xiamugig's Distillery.
  7821 | D:7      | Noticed a hornet
  7825 | D:7      | Killed a hornet
  7828 | D:7      | Bought a potion of heal wounds for 70 gold pieces
  7828 | D:7      | Bought a potion of curing for 42 gold pieces
  7828 | D:7      | Bought a potion of curing for 42 gold pieces
  7828 | D:7      | Bought a potion of curing for 42 gold pieces
  8546 | D:7      | Reached ** piety under Ashenzari
  8721 | D:8      | Reached skill level 5 in Fighting
  8721 | D:8      | Reached skill level 5 in Armour
  8730 | D:8      | Noticed an orc knight
  9281 | D:8      | Reached XP level 10. HP: 63/63 MP: 17/23
  9389 | D:8      | Noticed Joseph
  9397 | D:7      | Learned a level 1 spell: Magic Dart
  9402 | D:7      | Learned a level 4 spell: Fulminant Prism
  9522 | D:8      | Killed Joseph
  9588 | D:8      | Noticed Erica
  9635 | D:8      | Reached skill level 5 in Stealth
  9635 | D:8      | Reached skill level 1 in Hexes
  9683 | D:8      | Noticed Maggie
  9688 | D:8      | Killed Maggie
  9750 | D:8      | Found a snail-covered altar of Cheibriados.
  9750 | D:8      | Found a sacrificial altar of Ru.
  9756 | D:8      | Found a white marble altar of Elyvilon.
  9758 | D:8      | Found an ornate altar of the Wu Jian Council.
  9760 | D:8      | Found a faded altar of an unknown god.
  9855 | D:8      | Killed Erica
  9862 | D:8      | Reached XP level 11. HP: 72/72 MP: 17/24
  9863 | D:8      | Reached XP level 12. HP: 77/77 MP: 17/25
 10025 | D:7      | Killed zeram's ghost
 10026 | D:7      | Reached skill level 5 in Hexes
 10073 | D:8      | Identified the +4 plate armour of Wu Jian's Hatred {rF+}
 10287 | D:8      | Found a blossoming altar of Fedhas.
 11258 | D:9      | Noticed a two-headed ogre
 11329 | D:9      | Found a flagged portal.
 11361 | Bailey   | Entered a bailey
 11379 | Bailey   | Reached *** piety under Ashenzari
 11975 | Bailey   | Identified the +0 fire dragon scales of Juunyn {rElec rPois
                  | rF++ rC- Will+ Int-4}
 12013 | Bailey   | Identified the +1 robe "Ixuin" {-Tele rElec rN++ rCorr}
 12398 | D:9      | Killed a two-headed ogre
 12437 | D:9      | Noticed a two-headed ogre
 12452 | D:9      | Killed a two-headed ogre
 12858 | D:9      | Found a staircase to the Orcish Mines.
 13075 | D:10     | Entered Level 10 of the Dungeon
 13117 | D:10     | Reached XP level 13. HP: 85/85 MP: 18/27
 13434 | D:10     | Noticed Urug
 13462 | D:10     | Killed Urug
 13721 | D:10     | Found a staircase to the Lair.
 14344 | Lair:1   | Entered Level 1 of the Lair of Beasts
 14563 | Lair:1   | Identified the +2 ring mail of Cuefra {rF+ rN+}
 14628 | Lair:1   | Reached **** piety under Ashenzari
 15004 | Lair:2   | Found a dark tunnel.
 15224 | Volcano  | Entered a volcano
 15475 | Volcano  | Reached skill level 10 in Fighting
 15475 | Volcano  | Reached skill level 10 in Armour
 15623 | Lair:2   | Learned a level 8 spell: Lehudib's Crystal Spear
 16262 | Lair:2   | Found a staircase to the Shoals.
 16435 | Lair:3   | Noticed 0gre's ghost (journeyman GnIE)
 16440 | Lair:3   | Noticed Rupert
 16574 | Lair:2   | Learned a level 4 spell: Petrify
 16578 | Lair:2   | Learned a level 3 spell: Swiftness
 16639 | Lair:3   | Found a runed translucent door.
 16941 | Lair:3   | Found a transporter.
 16967 | Lair:3   | Found a transporter.
 17157 | Lair:4   | Reached skill level 1 in Air Magic
 17831 | Lair:4   | Noticed a dire elephant
 18121 | Lair:1   | Gained mutation: Your large and strong wings let you fly.
                  | [Gargoyle growth]
 18121 | Lair:1   | Reached XP level 14. HP: 94/94 MP: 28/30
 18197 | Orc:1    | Entered Level 1 of the Orcish Mines
 18472 | Orc:1    | Found Sengif's Book Boutique.
 18649 | Orc:1    | Found a radiant altar of Vehumet.
 18713 | Orc:1    | Noticed an orc warlord
 18726 | Orc:1    | Killed an orc warlord
 19093 | Orc:1    | Noticed Fannar
 19126 | Orc:1    | Killed Fannar
 19320 | Orc:1    | Reached XP level 15. HP: 100/100 MP: 31/31
 19321 | Orc:1    | Reached skill level 10 in Spellcasting
 19321 | Orc:1    | Reached XP level 16. HP: 107/107 MP: 33/33
 19323 | Orc:2    | Entered Level 2 of the Orcish Mines
 19735 | Orc:2    | Reached skill level 10 in Earth Magic
 20313 | Orc:2    | Paralysed by an ogre mage for 5 turns
 20790 | Orc:2    | Reached skill level 10 in Conjurations
 20790 | Orc:2    | Reached skill level 5 in Air Magic
 20991 | Orc:2    | Found Ydauw's Antique Weapon Boutique.
 21132 | Orc:2    | Paralysed by an ogre mage for 5 turns
 21143 | Orc:2    | Found Jaryer's Jewellery Emporium.
 21168 | Orc:2    | Found Visimemadgh's General Store.
 21169 | Orc:2    | Found Laut's Weapon Shop.
 21377 | Orc:2    | Found a staircase to the Elven Halls.
 21654 | Lair:4   | Learned a level 3 spell: Mephitic Cloud
 22405 | Lair:3   | Noticed Josephine
 22416 | Lair:3   | Killed Josephine
 22515 | Lair:3   | Reached skill level 1 in Evocations
 22520 | Lair:3   | Noticed Amaemon
 22532 | Lair:3   | Killed Amaemon
 22570 | Lair:3   | Found a hole to the Spider Nest.
 23048 | Lair:3   | Killed 0gre's ghost
 24305 | Lair:5   | Entered Level 5 of the Lair of Beasts
 24679 | Lair:5   | Found a runed translucent door.
 24689 | Lair:5   | Found a staircase to the Slime Pits.
 24708 | Lair:5   | Found a viscous altar of Jiyva.
 25088 | Lair:5   | Found a burning altar of Makhleb.
 25193 | Lair:5   | Reached XP level 17. HP: 108/111 MP: 32/34
 25302 | Lair:5   | Found a gateway to Hell.
 25800 | Lair:3   | Killed Rupert
 26698 | D:12     | Identified the Writings on Doomed Changing
 26721 | D:12     | Identified the +3 long sword of Cemiq {speed, Drain rPois
                  | rF++ Stlth+}
 27661 | D:12     | Found an ornate altar of the Wu Jian Council.
 28758 | Lair:1   | Learned a level 5 spell: Blade Hands
 28881 | D:13     | Identified the cursed +2 pair of gloves of Ashenzari's
                  | Failure {Evo, Cun} (You found it on level 5 of the Dungeon)
 29624 | D:13     | Found a portal to a secret trove of treasure.
 29938 | D:14     | Noticed Nessos
 29945 | D:14     | Killed Nessos
 31073 | D:15     | Entered Level 15 of the Dungeon
 31253 | D:15     | Found a staircase to the Depths.
 31707 | D:15     | Found a huge runed gate.
 31707 | D:15     | Found a huge runed gate.
 31707 | D:15     | Found a huge runed gate.
 31707 | D:15     | Found a huge runed gate.
 31707 | D:15     | Found a huge runed gate.
 31707 | D:15     | Found a huge runed gate.
 31707 | D:15     | Found a huge runed gate.
 31707 | D:15     | Found a huge runed gate.
 31707 | D:15     | Found a huge runed gate.
 31707 | D:15     | Found a huge runed gate.
 31711 | D:15     | Found a huge runed gate.
 31711 | D:15     | Found a huge runed gate.
 31711 | D:15     | Found a huge runed gate.
 31711 | D:15     | Found a huge runed gate.
 31712 | D:15     | Found a huge runed gate.
 31713 | D:15     | Found a huge runed gate.
 31714 | D:15     | Found a huge runed gate.
 31715 | D:15     | Found a huge runed gate.
 31716 | D:15     | Found a huge runed gate.
 31725 | D:15     | Noticed Uhib's ghost (journeyman DsGl)
 31725 | D:15     | Noticed Voastrin's ghost (journeyman MiFi)
 31731 | D:15     | Noticed cdecastro's ghost (journeyman OgBe)
 31731 | D:15     | Noticed Bananafolds's ghost (adept NaVM)
 31731 | D:15     | Noticed Ytergh's ghost (journeyman MiFi)
 31731 | D:15     | Noticed Uwkoecio's ghost (journeyman HOFi)
 31731 | D:15     | Noticed Faitwer's ghost (journeyman OpTm)
 31733 | D:15     | Noticed Faitwer's ghost (journeyman OpTm)
 31954 | Spider:1 | Entered Level 1 of the Spider Nest
 32436 | Shoals:1 | Entered Level 1 of the Shoals
 32438 | Shoals:1 | Found Kysoifij's Vocational Training.
 32775 | Shoals:1 | Found a runed translucent gate.
 32776 | Shoals:1 | Found a runed translucent gate.
 32777 | Shoals:1 | Found a runed translucent gate.
 32784 | Shoals:1 | Noticed Nerdsrcool's ghost (journeyman DrCj)
 34973 | Shoals:2 | Reached XP level 18. HP: 96/120 MP: 1/36
 35248 | Shoals:2 | Found Wapoblayl's General Store.
 35256 | Shoals:2 | Bought a scroll of teleportation for 39 gold pieces
 35675 | Shoals:3 | Reached ***** piety under Ashenzari
 36228 | Shoals:3 | Found Xafrohauthree's Book Emporium.
 36783 | Shoals:3 | Reached skill level 15 in Conjurations
 37481 | Shoals:4 | Entered Level 4 of the Shoals
 38257 | Shoals:4 | Noticed Ilsuiw
 38284 | Shoals:4 | Killed Ilsuiw
 38824 | Shoals:4 | Reached skill level 15 in Earth Magic
 41881 | Shoals:4 | Got a barnacled rune of Zot
 42700 | D:14     | Found a gate to the Vaults.
 42736 | Vaults:1 | Entered Level 1 of the Vaults
 42930 | Vaults:1 | Paralysed by a sphinx for 3 turns
 42930 | Vaults:1 | HP: 3/123 [ironbound thunderhulk/bolt of lightning (9)]
 42932 | Vaults:1 | Shot with a bolt by a yaktaur

Illustrated notes

Levels and vault maps discovered:
D:1:      sevenhm_arrival_forest_fort_large_2, layout_basic,
          basic_ecumenical_altar, minmay_misc_feat_rows,
          nicolae_concentric_dashed_squares_wild
D:2:      layout_loops_corners, uniq_jessica
D:3:      layout_loops_ring, grunt_ministairs_3, glass_columns_a
D:4:      kennysheep_big_flooded_room, layout_layer_cave, temple_pool_b
D:5:      layout_cave_pools, nicolae_titane
D:6:      layout_basic, gup_ossuary_entry_pyramid
D:7:      layout_basic, hellmonk_ghost_happy_afterlife, nicolae_stop_n_shop_1
D:8:      layout_layer_cave, fedhas_ov_isle_minmay,
          chequers_temple_overflow_minitemple, eino_curves_03,
          kennysheep_island_fort, uniq_erica, uniq_maggie, uniq_joseph
D:9:      layout_irregular_city, orc_0_dummy, enter_bailey_5, uniq_pikel
D:10:     layout_roguey, erik_lair_island, st_stairs_8, worms_lemuel, uniq_urug
D:11:     layout_basic
D:12:     layout_roguey [special_room_bee], nicolae_wu_jian_immortal_techniques
D:13:     layout_small_grid, enter_trove_3
D:14:     nooodl_glass_maze, layout_basic, grunt_vaults_entry_tiered,
          kennysheep_path_1, uniq_nessos
D:15:     grunt_enter_depths_giant_problem, layout_gridville,
          corexii_corridor_pit, gammafunk_ghost_door_vault,
          minmay_stone_trees_medium
Temple:   hellmonk_temple_divided_pantheon
Lair:1:   layout_chaotic_city, grunt_megastairs_3
Lair:2:   hellmonk_ruined_rings, layout_concentric_octagons,
          elwin_shoals_entry_rooms, nicolae_volcano_entry_two_sided
Lair:3:   gammafunk_cloud_chamber, layout_regular_city,
          spider_nest_entry_web_field, ebering_ghost_reflecting_pool,
          dreamdust_deal_with_the_devil, infiniplex_staircase_pool_2,
          uniq_rupert, uniq_amaemon, uniq_josephine
Lair:4:   layout_roguey, nicolae_lair_lakeside_cave
Lair:5:   evil_forest, layout_gridlike, slime_entry_2
Shoals:1: layout_shoals, gammafunk_ghost_necromancy, nicolae_shop_vocational
Shoals:2: layout_shoals, serial_shops, nicolae_shop_stone
Shoals:3: layout_shoals, serial_shops, shop
Shoals:4: shoals_end_grunt_ice, layout_shoals, shoals_ilsuiw_alternative
Spider:1: layout_spider_delve
Orc:1:    layout_diamond_mine, serial_shops, shop, basic_altar, uniq_fannar
Orc:2:    st_orc_open, layout_caves
Vaults:1: portal_desolation_entry_garden, grunt_vaults_funnel,
          hangedman_vaults_restitches, hangedman_vaults_maws,
          nicolae_vaults_little_squares_4, v_misc_17, ontoclasm_vaults_fault,
          grunt_vaults_hallway_long, nicolae_vaults_diagonal_hallway_8,
          vaults_dpeg_encased_lava, v_misc_27, vaults_room_hallway, v_misc_2,
          layout_vaults_maze_snakey

Skill      XL: |  1  2  3  4  5  6  7  8  9 10 11 12 13 14 15 16 17 18 |
---------------+-------------------------------------------------------+-----
Transmutations | 1 2 3 4 |  4.0
Conjurations   | 1 2 3 4 5 7 8 9 11 13 16 | 16.5
Earth Magic    | 4 5 8 9 11 14 16 | 16.0
Spellcasting   | 3 4 7 8 9 10 11 12 | 12.1
Armour         | 1 5 8 9 10 11 | 11.2
Fighting       | 5 8 9 10 11 12 14 | 14.1
Stealth        | 4 8 |  8.4
Hexes          | 4 5 |  5.0
Dodging        | 7 8 |  8.1
Air Magic      | 1 3 4 5 |  5.0
Evocations     | 2 |  2.6

Action                   |  1- 3 |  4- 6 |  7- 9 | 10-12 | 13-15 | 16-18 || total
-------------------------+-------+-------+-------+-------+-------+-------++-------
Melee: Club              |     3 |       |       |       |       |       ||     3
       Staff             |       |       |     1 |       |     2 |    12 ||    15
       Demon whip        |       |       |       |       |       |    12 ||    12
       Punch             |       |       |       |       |       |     1 ||     1
 Cast: Sandblast         |    42 |    61 |   130 |    18 |     9 |     9 ||   269
       Stone Arrow       |       |     3 |    70 |    94 |   253 |  1247 ||  1667
       Fulminant Prism   |       |       |       |    47 |    78 |   171 ||   296
       Magic Dart        |       |       |       |     6 |    26 |    14 ||    46
       Searing Ray       |       |       |       |     1 |       |       ||     1
       Swiftness         |       |       |       |       |       |     7 ||     7
       Mephitic Cloud    |       |       |       |       |       |   108 ||   108
       Blade Hands       |       |       |       |       |       |     2 ||     2
       Passwall          |       |       |       |       |       |     1 ||     1
Invok: Curse Item        |       |       |     4 |     2 |     2 |     2 ||    10
       Shatter the Chain |       |       |     1 |       |       |     2 ||     3
Evoke: Wand              |       |     4 |     1 |       |     1 |     3 ||     9
       Phial of floods   |       |       |       |       |       |     2 ||     2
  Use: Scroll            |       |     4 |     2 |     2 |     1 |     9 ||    18
       Potion            |       |       |       |     3 |     3 |     3 ||     9
Armor: Robe              |     4 |     6 |    50 |     5 |       |       ||    65
       Acid dragon scale |       |       |       |    53 |    21 |       ||    74
       Ring mail         |       |       |       |       |    27 |   557 ||   584
Dodge: Dodged            |     6 |     9 |    70 |    73 |    75 |   658 ||   891
